 Dungeon Crawl Stone Soup version 0.30-a0-556-g0a0f5a245f (webtiles) character file.

Game seed: 17132784073595244166

419 Bnni the Vexing (level 7, -1/51 HPs)
             Began as a Formicid Hexslinger on Dec 27, 2022.
             Slain by Pikel
             ... wielding a +2 whip of freezing
              (13 damage)
             ... on level 3 of the Dungeon.
             The game lasted 00:06:23 (3226 turns).

Bnni the Vexing (Formicid Hexslinger)               Turns: 3226, Time: 00:06:23

Health: -1/51      AC:  5    Str: 15    XL:     7   Next: 16%
Magic:  10/19      EV: 12    Int: 14    God:
Gold:   193        SH:  0    Dex: 14    Spells: 3/11 levels left

rFire   . . .      SeeInvis +    a - +2 sling
rCold   . . .      Faith    .    (no shield)
rNeg    . . .      Spirit   .    c - +0 robe
rPois   .          Reflect  .    (helmet unavailable)
rElec   .          Harm     .    (no cloak)
rCorr   .          Rampage  .    (no gloves)
Will    .....                    q - +2 pair of boots
Stlth   +                        (no amulet)
HPRegen 0.28/turn                e - ring of magical power
MPRegen 0.16/turn                (no ring)

@: no status effects
A: permanent stasis, dig shafts and tunnels, antennae 3, four strong arms
a: Dig, Shaft Self


You were on level 3 of the Dungeon.
You visited 1 branch of the dungeon, and saw 4 of its levels.
You also visited: Ossuary.

You collected 193 gold pieces.

Inventory:

Hand Weapons
 a - a +2 sling (weapon)
 i - a +2 dagger of venom
Armour
 c - a +0 robe (worn)
 q - a +2 pair of boots (worn)
Jewellery
 e - a ring of magical power (left hand)
Scrolls
 b - a scroll of poison
 d - 2 scrolls of enchant weapon
 f - 2 scrolls of magic mapping {unknown}
 h - 3 scrolls of teleportation {unknown}
 o - a scroll of fear {unknown}
Potions
 g - a potion of haste {unknown}
 k - a potion of mutation {unknown}
 l - 3 potions of curing
 m - a potion of invisibility
 n - 4 potions of lignification
 p - a potion of flight {unknown}


   Skills:
 + Level 2.8 Fighting
 * Level 4.2 Ranged Weapons
 - Level 1.7 Dodging
 + Level 2.5 Spellcasting
 * Level 5.8 Hexes
 + Level 2.2 Fire Magic


You had 3 spell levels left.
You knew the following spells:

 Your Spells              Type           Power      Damage    Failure   Level
a - Slow                  Hex            72%        N/A       1%          1
b - Inner Flame           Hex/Fire       12%        N/A       13%         3
d - Cause Fear            Hex            9%         N/A       21%         4

Your spell library contained the following spells:

 Spells                   Type           Power      Damage    Failure   Level
 Portal Projectile        Hex/Tloc       18%        N/A       21%         3


Dungeon Overview and Level Annotations

Branches:
Dungeon (4/15)            Ossuary (visited)
 Temple: D:4-7

Altars:
Hepliaklqana
Sif Muna
Yredelemnul
The Shining One

Annotations:
D:3 Pikel


Innate Abilities, Weirdness & Mutations

You cannot be hasted, slowed, berserked, paralysed or teleported.
You can dig through walls and to a lower floor.
You have a pair of large antennae on your head. (SInv)
Your four strong arms can wield two-handed weapons with a shield.


Message History

The lemure resists with significant effort.
The lemure closely misses you. The lemure attacks as you move away!
The lemure closely misses you. The lemure attacks as you move away!
The lemure hits you.
Casting: Slow (safe; 1% risk of failure)
Confirm with . or Enter, or press ? or * to list all spells.
Aiming: Slow (safe; 1% risk of failure)
Press: ? - help, Shift-Dir - straight line, f/p - lemure
Aim: a lemure (inner flame, chance to affect: 50%)
The lemure seems to slow down.
The lemure closely misses you. The lemure attacks as you move away!
The lemure hits you! The lemure attacks as you move away! The lemure hits you.
Pikel attacks as you move away!
Pikel hits you with a +2 whip of freezing.
Pikel freezes you. The lemure attacks as you move away! The lemure hits you.
The lemure attacks as you move away! The lemure barely misses you.
Pikel attacks as you move away!
Pikel hits you with a +2 whip of freezing.
Pikel freezes you.
Pikel checks his coin pouch and frowns.
Pikel attacks as you move away! Pikel barely misses you.
There is a stone staircase leading up here.
The lemure hits you.
Pikel hits you with a +2 whip of freezing.
* * * LOW HITPOINT WARNING * * *
Pikel freezes you.
* * * LOW HITPOINT WARNING * * *
The lemure hits you.
* * * LOW HITPOINT WARNING * * *
You climb upwards.
There is a stone staircase leading down here.
Casting: Slow (safe; 1% risk of failure)
Confirm with . or Enter, or press ? or * to list all spells.
The spell is quite dangerous to miscast (21% risk of failure)!
Continue anyway?
Casting: Cause Fear (quite dangerous; 21% risk of failure)
Press: ? - help, Dir - look around, f - activate The lemure looks frightened! x2; Pikel resists with some effort.
Pikel hits you with a +2 whip of freezing!
You die...

# ###### ## ###### #....#
############. #....# #....#
#.......รท.##. #....#
#....#####.........##.
#....###......5.+............
#.....##....@K.##............
##.....##..##....#............
#............5#..#[........###
#....####..##.#............# #
#....#.....##.##...#########
####.#.##.###.###...#####
#.#.##.....####......##
#####.#.###.........#.....###
#...#.#.............#.......###


You could see Pikel and 2 lemures.

Vanquished Creatures
  A scorpion (D:4)
  2 hounds (D:4)
  2 orc wizards (D:4)
  5 mummies
  4 gnolls (D:4)
  3 adders (D:2)
  A worm (D:3)
  3 dart slugs
  4 orcs
  8 endoplasms
  3 giant cockroaches
  6 goblins
  4 hobgoblins
  2 quokkas
  6 ball pythons
  4 bats
  2 frilled lizards (D:3)
  6 kobolds
  6 rats
  A spectral orc (D:3)
73 creatures vanquished.

Vanquished Creatures (others)
  2 plants (D:4)
  3 withered plants (Ossuary)
5 creatures vanquished.

Grand Total: 78 creatures vanquished

Notes
Turn   | Place    | Note
-------+----------+-------------------------------------------
     0 | D:1      | Bnni the Formicid Hexslinger began the quest for the Orb.
     0 | D:1      | Reached XP level 1. HP: 15/15 MP: 2/2
   322 | D:1      | Reached XP level 2. HP: 21/21 MP: 3/3
   847 | D:2      | Reached skill level 4 in Hexes
   847 | D:2      | Reached XP level 3. HP: 26/26 MP: 5/5
   851 | D:2      | Learned a level 3 spell: Inner Flame
  1291 | D:2      | You fall into a shaft and drop 2 floors!
  1336 | D:4      | Reached skill level 1 in Fire Magic
  1336 | D:4      | Reached XP level 4. HP: 29/33 MP: 6/6
  1377 | D:4      | Reached XP level 5. HP: 18/36 MP: 7/7
  1561 | D:4      | Found a sand-covered staircase.
  1650 | Ossuary  | Entered an ossuary
  1666 | Ossuary  | Reached skill level 5 in Hexes
  1666 | Ossuary  | Reached XP level 6. HP: 45/45 MP: 9/9
  2542 | D:3      | Found a glowing golden altar of the Shining One.
  2806 | D:3      | Found a basalt altar of Yredelemnul.
  3008 | D:4      | Found a shimmering blue altar of Sif Muna.
  3032 | D:4      | Learned a level 4 spell: Cause Fear
  3144 | D:4      | Reached XP level 7. HP: 51/51 MP: 10/10
  3179 | D:4      | Found a hazy altar of Hepliaklqana.
  3206 | D:4      | Noticed Pikel
  3226 | D:3      | Slain by Pikel

Illustrated notes

Levels and vault maps discovered:
D:1:      shiori_arrival_whats_in_store_for_you, layout_loops_ring,
          hangedman_decor_points
D:2:      layout_loops_corners
D:3:      layout_basic, yredelemnul_forgotten_temple_becter, tso_oasis_becter
D:4:      minmay_spotlight, layout_rooms, led_sif_book,
          mainiacjoe_overflow_alcove_2, gup_ossuary_entry_pyramid,
          gammafunk_ghost_grave, minmay_fountain_box,
          chequers_serial_rivers_small_a, serial_bayou_pond_a, uniq_pikel

Skill      XL: |  1  2  3  4  5  6 |
---------------+-------------------+-----
Hexes          | 4 5 |  5.8
Fire Magic     | 1 2 |  2.2
Fighting       | 2 |  2.8
Ranged Weapons | 3 4 |  4.2
Spellcasting   | 2 |  2.5
Dodging        | |  1.7

Action                   |  1- 3 |  4- 6 |  7- 9 || total
-------------------------+-------+-------+-------++-------
Melee: Dagger            |     8 |    13 |       ||    21
 Fire: Sling             |    80 |   145 |     6 ||   231
 Cast: Slow              |     1 |     8 |     2 ||    11
       Inner Flame       |       |     7 |     2 ||     9
       Cause Fear        |       |       |     1 ||     1
 Abil: Dig               |       |     1 |       ||     1
  Use: Scroll            |       |     5 |       ||     5
Armor: Robe              |    15 |    16 |       ||    31
Dodge: Dodged            |    33 |    43 |     5 ||    81

Table legend: (Time is in decaauts)
 A = Elapsed time spent in this place.
 B = Non-inter-level travel time spent in this place.
 C = Inter-level travel time spent in this place.
 D = Time resting spent in this place.
 E = Time spent auto-exploring this place.
 F = Levels seen in this place.
 G = Mean time per level.
                   A        B        C        D        E       F      G
               +--------+--------+--------+--------+--------+-----+--------+
         Total |   3279 |   3131 |    148 |    289 |   2207 |   5 |  655.8 |
       Dungeon |   3230 |   3082 |    148 |    271 |   2207 |   4 |  807.5 |
       Ossuary |     49 |     49 |      0 |     18 |      0 |   1 |   49.0 |
               +--------+--------+--------+--------+--------+-----+--------+

Top non-repeatable levels by time:
     D:2: 1013 daAuts
     D:1: 785 daAuts
     D:4: 784 daAuts
     D:3: 647 daAuts
 Ossuary: 49 daAuts
